AoeStats
← Heinzistcool

Nomad

508489473Analyzed
4v4 RM · 9d ago on Sep 22, 2026· 25m 8s· 8 players
Game mode
Random Map
Map size
231×231
Population
200
Speed
Normal
Resources
Standard
Victory
Conquest
Starting age
Dark Age
Ending age
Imperial Age
RankedLock teamsTeams togetherTeam positionsShared explorationLock speedFull tech treeHidden civsTurbo modeCheats
Victory
Defeat
🇦🇷 Varangians · Argentina
1612
+16
🇹🇼 Saxons · Taiwan
1598
+17
🇫🇷 Spanish · France
1559
+18
🇺🇾 Danes · Uruguay
1555
+18
🇩🇪 Danes · Germany
1732
-22
🇩🇪 Danes · Germany
1633
-18
🇩🇪 Varangians · Germany
1583
-16
🇩🇪 Varangians · Germany
1496
-13
Dark Horse
13:09 Feudal Age
13:50 Double-Bit Axe
14:52 Loom
20:27 Castle Age
18:36 Gold Mining
19:49 Fishing Lines
20:05 Stone Mining
21:26 Medium Warships
21:07 Gillnets
23:08 Bow Saw
23:01 Gillnets
康寶羊
3:40 Loom
12:55 Feudal Age
16:56 Castle Age
17:38 Double-Bit Axe
FMG | Sawasha Takohida
7:04 Loom
12:05 Feudal Age
16:25 Castle Age
16:07 Arson
17:14 Scale Mail Armor
18:32 Forging
23:37 Horse Collar
Danatis
9:51 Loom
12:24 Feudal Age
13:04 Double-Bit Axe
15:49 Fletching
23:24 Castle Age
22:19 Horse Collar
24:37 Bodkin Arrow
24:59 Crossbowman
Vicky R
5:04 Loom
12:33 Feudal Age
13:02 Double-Bit Axe
21:57 Castle Age
20:36 Horse Collar
21:51 Gold Mining
22:52 Medium Warships
22:53 Forging
22:57 Fletching
23:56 Bow Saw
24:21 Bodkin Arrow
LM | RenLo
9:45 Loom
11:53 Feudal Age
12:29 Double-Bit Axe
14:33 Town Watch
16:21 Wheelbarrow
16:27 Fletching
Heinzistcool
13:25 Feudal Age
17:27 Castle Age
15:13 Loom
15:47 Double-Bit Axe
15:58 Fletching
16:15 Fishing Lines
18:23 Bow Saw
18:40 Fletching
19:05 Gillnets
20:12 Bodkin Arrow
LM | MaggieWuerze
5:02 Loom
12:17 Feudal Age
12:53 Double-Bit Axe
13:32 Town Watch
14:24 Fishing Lines
20:29 Castle Age
19:07 Fletching
20:35 Forging
21:24 Squires
21:26 Scale Mail Armor
Connection lost

Rejoining the realm…

Still unreachable

The connection could not be restored.

Session expired

The server has moved on; the page needs a fresh start.